 Dungeon Crawl Stone Soup version 0.24.0-123-gd5b16e6ec5 (webtiles) character file.

Game seed: 18212530524150194184, levelgen mode: deterministic

46 ANON1729 the Ducker (level 3, 0/28 HPs)
             Began as a Demonspawn Gladiator on Jan 5, 2020.
             Succumbed to a worker ant's poison
             ... on level 2 of the Dungeon.
             The game lasted 00:01:13 (1283 turns).

ANON1729 the Ducker (Demonspawn Gladiator)          Turns: 1283, Time: 00:01:14

Health: 0/28       AC:  8    Str: 14    XL:     3   Next: 46%
Magic:  3/3        EV: 10    Int:  9    God:
Gold:   42         SH:  0    Dex: 15    Spells: 2/2 levels left

rFire    + + .     SeeInvis .   a - +0 quarterstaff
rCold    x . .     Gourm    .   (shield currently unavailable)
rNeg     . . .     Faith    .   m - +0 fire dragon scales (curse)
rPois    .         Spirit   .   (helmet restricted)
rElec    .         Reflect  .   (no cloak)
rCorr    .         Harm     .   (no gloves)
MR       .....                  (no boots)
Stlth    ..........             (no amulet)
HPRegen  0.09/turn              (no ring)
MPRegen  0.08/turn              (no ring)

@: lethally poisoned (0 -> -12)
A: antennae 1
a: no special abilities


You were on level 2 of the Dungeon.
You were not hungry.

You visited 1 branch of the dungeon, and saw 2 of its levels.

You collected 42 gold pieces.

Inventory:

Hand Weapons
 a - a +0 quarterstaff (weapon)
Missiles
 d - 3 throwing nets (quivered)
Armour
 b - a +0 leather armour
 c - a +0 helmet
 m - cursed +0 fire dragon scales (worn)
Jewellery
 l - an uncursed ring of see invisible {unknown}
Scrolls
 h - 2 scrolls of remove curse {unknown}
 i - a scroll of noise {unknown}
Potions
 e - a potion of heal wounds {unknown}
 g - 2 potions of flight {unknown}
 j - a potion of mutation {unknown}
 k - a potion of degeneration {unknown}
 n - a potion of curing {unknown}
 o - a potion of might {unknown}
Comestibles
 f - a ration


   Skills:
 + Level 2.5 Fighting
 + Level 3.1 Staves
 + Level 2.3 Throwing
 + Level 3.1 Dodging


You had 2 spell levels left.
You didn't know any spells.
Your spell library was empty.

Dungeon Overview and Level Annotations

Branches:
Dungeon (2/15)

Altars:


Innate Abilities, Weirdness & Mutations

You have a pair of small antennae on your head.


Message History

You feel sick.
The worker ant bites you but does no damage.
The worker ant closely misses you.
You sock the worker ant!
The worker ant is severely wounded.
* * * LOW HITPOINT WARNING * * *
You feel sick.
The worker ant bites you but does no damage.
You hit the worker ant but do no damage.
The worker ant is severely wounded.
* * * LOW HITPOINT WARNING * * *
You feel sick. The worker ant barely misses you.
You barely miss the worker ant.
The worker ant is severely wounded.
* * * LOW HITPOINT WARNING * * *
You feel sick. The worker ant barely misses you. The worker ant bites you.
* * * LOW HITPOINT WARNING * * *
You hit the worker ant.
The worker ant is almost dead.
You die...

#.#. ...
#.#
###..###
)##......#
......).<#
###......#
#......###
#......@a#
########..#
#.# .# #


You could see a worker ant.

Vanquished Creatures
  An ooze (D:1)
  3 dart slugs (D:1)
  4 giant cockroaches (D:1)
  6 goblins (D:1)
  5 hobgoblins (D:1)
  2 kobolds
  A ball python (D:1)
  5 bats (D:1)
  3 frilled lizards (D:1)
  6 rats (D:1)
36 creatures vanquished.

Notes
Turn   | Place    | Note
-------+----------+-------------------------------------------
     0 | D:1      | ANON1729 the Demonspawn Gladiator began the quest for the
                  | Orb.
     0 | D:1      | Reached XP level 1. HP: 16/16 MP: 1/1
    94 | D:1      | Gained mutation: You have a pair of small antennae on your
                  | head. [demonic ancestry]
    94 | D:1      | Reached XP level 2. HP: 16/22 MP: 2/2
   830 | D:1      | Reached XP level 3. HP: 26/28 MP: 3/3
  1282 | D:2      | HP: 1/28 [worker ant (2)]
  1283 | D:2      | Succumbed to a worker ant's poison

Levels and vault maps discovered:
D:1:      psy_arrival_radial01, layout_basic, minmay_octomino_e4
D:2:      layout_rooms, overflow_temple_1_default, lemuel_doored_altar,
          kennysheep_generic_room_5, uniq_robin

Skill      XL: |  1  2 |
---------------+-------+-----
Throwing       | 2 |  2.3
Dodging        | 3 |  3.1
Staves         | 3 |  3.1
Fighting       | |  2.5

Action                   || total
-------------------------++-------
Melee: Quarterstaff      ||   115
  Eat: Chunk             ||     1
Armor: Leather armour    ||    31
       Fire dragon scale ||    39
Dodge: Dodged            ||    89
